 Dungeon Crawl Stone Soup version 0.30-a0-778-g2ef04afb54 (webtiles) character file.

Game seed: 12884877099797510376

95695 Zenkrye the Fighter (level 16, -4/134 HPs)
             Began as a Human Cinder Acolyte on Feb 14, 2023.
             Was a High Priest of Ignis.
             Splashed by a goliath frog's acid (6 damage)
             ... on level 2 of the Lair of Beasts on Feb 15, 2023.
             The game lasted 01:26:41 (24871 turns).

Zenkrye the Fighter (Human Cinder Acolyte)         Turns: 24871, Time: 01:26:42

Health: -4/134     AC: 22    Str: 19    XL:     16   Next: 64%
Magic:  26/26      EV:  9    Int: 18    God:    Ignis [*****.]
Gold:   630        SH: 15    Dex:  8    Spells: 15/17 levels left

rFire   + + .      SeeInvis .    U - +4 demon trident (vamp)
rCold   . . .      Faith    .    W - +4 kite shield of Zin, Muttering {Fly Regen+ Dex-2}
rNeg    . . .      Spirit   .    T - +4 chain mail {rF+}
rPois   +          Reflect  .    Q - +1 hat {Int+3}
rElec   +          Harm     .    P - +1 cloak {rPois}
rCorr   .          Rampage  .    B - +0 pair of gloves
Will    ++...                    v - +1 pair of boots Stlth
                                 g - amulet of regeneration
HPRegen 2.02/turn                u - ring "Ziwuud" {rElec rPois MP+9 Str-2 Slay+3}
MPRegen 0.20/turn                R - ring of willpower

@: flying, hasted, very quick
A: no striking features
a: Renounce Religion, Fiery Armour, Foxfire Swarm, Rising Flame


You were on level 2 of the Lair of Beasts.
You worshipped Ignis.
Ignis was extremely pleased with you.
You visited 4 branches of the dungeon, and saw 23 of its levels.
You also visited: Volcano.

You collected 2108 gold pieces.
You spent 1478 gold pieces at shops.

Inventory:

Hand Weapons
 n - a +0 sling
 C - a +4 trident of draining
 U - a +4 vampiric demon trident (weapon)
Missiles
 c - 21 poisoned darts (quivered)
 j - 7 javelins
 I - 9 boomerangs
Armour
 l - +0 acid dragon scales
 v - a +1 pair of boots (worn)
 y - a +1 chain mail of cold resistance
 B - a +0 pair of gloves (worn)
 L - a +0 troll leather armour
 P - a +1 cloak of poison resistance (worn)
 Q - a +1 hat of intelligence (worn)
 T - a +4 chain mail of fire resistance (worn)
 W - the +4 kite shield of Zin, Muttering (worn) {Fly Regen+ Dex-2}
   (You took it off Donald on level 2 of the Orcish Mines)

   Dex:       It affects your dexterity (-2).
   Fly:       It grants you flight.
   Regen:     It increases your rate of health regeneration.
Magical Staves
 p - a staff of cold
Jewellery
 f - a ring of fire
 g - an amulet of regeneration (around neck)
 t - a +6 ring of intelligence
 u - the ring "Ziwuud" (left hand) {rElec rPois MP+9 Str-2 Slay+3}
   (You bought it in a shop on level 11 of the Dungeon)

   [ring of poison resistance]

   Str:       It affects your strength (-2).
   Slay:      It affects your accuracy & damage with ranged weapons and melee
   (+3).
   rElec:     It insulates you from electricity.
   rPois:     It protects you from poison.
   MP:        It affects your magic capacity (+9).
 E - an amulet of guardian spirit
 R - a ring of willpower (right hand)
 V - an amulet of reflection
Wands
 s - a wand of charming (10)
 F - a wand of flame (12)
 K - a wand of iceblast (6) {@v4}
 O - a wand of mindburst (2)
 X - a wand of digging (4) {@v1}
Scrolls
 a - a scroll of fog
 e - 5 scrolls of teleportation {@r3}
 i - 8 scrolls of identify {@r1}
 k - 3 scrolls of amnesia
 q - 5 scrolls of immolation
 D - a scroll of poison
 G - 2 scrolls of enchant armour
 N - 2 scrolls of magic mapping
 S - a scroll of silence
Potions
 b - a potion of magic
 d - 4 potions of brilliance
 h - 3 potions of cancellation
 o - a potion of resistance {@q6}
 r - 4 potions of curing {@q1}
 w - 6 potions of mutation
 z - 3 potions of berserk rage
 A - 3 potions of might {@q4}
 H - 4 potions of lignification
 J - a potion of flight
 M - a potion of ambrosia
 Z - 4 potions of haste {@q3}
Miscellaneous
 m - a tin of tremorstones (2/2)
 Y - a condenser vane


   Skills:
 + Level 14.8 Fighting
 - Level 14.0 Polearms
 - Level 10.0 Armour
 - Level 10.0 Dodging
 * Level 12.9 Shields
 - Level 1.0 Spellcasting
 - Level 5.0 Fire Magic
 - Level 8.0 Evocations


You had 15 spell levels left.
You knew the following spells:

 Your Spells              Type           Power      Damage    Failure   Level
a - Scorch                Fire           36%        2d6       52%         2

Your spell library contained the following spells:

 Spells                   Type           Power      Damage    Failure   Level
 Freeze                   Ice            0%         1d3       97%         1
 Inner Flame              Hex/Fire       9%         N/A       97%         3
 Call Imp                 Summ           0%         N/A       99%         2
 Sublimation of Blood     Necr           0%         N/A       99%         2
 Kindle Blastsparks       Fire/Tloc/Air  12%        2d11      99%         3
 Frozen Ramparts          Ice            0%         1d1       100%        3
 Hailstorm                Conj/Ice       0%         3d3       100%        3
 Animate Armour           Summ/Erth      0%         N/A       100%        4
 Cause Fear               Hex            0%         N/A       100%        4
 Flame Wave               Conj/Fire      9%         2d6       100%        4
 Leda's Liquefaction      Hex/Erth       0%         N/A       100%        4
 Petrify                  Tmut/Erth      0%         N/A       100%        4
 Sticky Flame             Conj/Fire      9%         2d3       100%        4
 Alistair's Intoxication  Tmut/Pois      0%         N/A       100%        5
 Borgnjor's Vile Clutch   Necr/Erth      0%         N/A       100%        5
 Irradiate                Conj/Tmut      0%         3d11      100%        5
 Conjure Ball Lightning   Conj/Air       0%         3x3d6     100%        6
 Eringya's Noxious Bog    Tmut/Pois      0%         N/A       100%        6
 Dragon Form              Tmut           0%         N/A       100%        7
 Discord                  Hex            0%         N/A       100%        8
 Disjunction              Tloc           0%         N/A       100%        8
 Lehudib's Crystal Spear  Conj/Erth      0%         10d2      100%        8
 Dragon's Call            Summ           0%         N/A       100%        9


Dungeon Overview and Level Annotations

Branches:
Dungeon (15/15)            Temple (0/1) D:5            Lair (5/5) D:11
  Swamp (1/4) Lair:2       Spider (0/4) Lair:2        Slime (0/5) Lair:4
    Orc (2/2) D:12            Elf (0/3) Orc:2        Vaults (0/5) D:13
 Depths (0/4) D:15        Volcano (visited)

Altars:
Ashenzari
Elyvilon
Gozag
Hepliaklqana
Kikubaaqudgha
Nemelex Xobeh
Okawaru
Sif Muna
Zin

Shops:
D:3 ([   D:5 **   D:11 =*(   Orc:2 (!(*

Annotations:
D:6 Pikel
D:10 3 runed translucent doors, pokeman's ghost, journeyman DEHW
Lair:3 exclusion: oklob plant
Orc:1 3 runed translucent doors, Tausiryd's ghost, journeyman DsMo


Message History

The eleionoma is severely wounded.
You block the goliath frog's attack.
The swamp worm bites you but does no damage.
You barely miss the eleionoma.
The eleionoma is severely wounded.
You block the goliath frog's attack.
The eleionoma hits you but does no damage.
You barely miss the eleionoma.
The eleionoma is heavily wounded.
The swamp worm bites you. You block the goliath frog's attack.
The eleionoma hits you!
You impale the eleionoma!!
You feel better.
The eleionoma is almost dead.
The swamp worm closely misses you. The goliath frog hits you from afar.
The acid corrodes you!
You are splashed with acid!
You hit the eleionoma but do no damage.
The eleionoma is almost dead.
The eleionoma hurls a spray of splinters at you.
The spray of wooden splinters hits you!!
* * * LOW HITPOINT WARNING * * *
You block the swamp worm's attack. The goliath frog barely misses you.
Okay, then.
Your magical effects are unravelling.
You feel magically purged.
The sentinel's mark upon you fades away.
You are no longer corroded.
The swamp worm bites you.
* * * LOW HITPOINT WARNING * * *
The eleionoma touches a tree and draws upon its vitality.
The eleionoma is healed.
The goliath frog hits you from afar!
* * * LOW HITPOINT WARNING * * *
You are splashed with acid.
* * * LOW HITPOINT WARNING * * *
Okay, then.
You feel yourself speed up.
The swamp worm bites you but does no damage.
The goliath frog hits you from afar.
* * * LOW HITPOINT WARNING * * *
You are splashed with acid.
You die...

..####.#####..#
...#.#.##.#...♣♣♣♣
)............♣♣§≈♣♣♣
....P.#.#....♣♣§§~~♣
.##.#######.#♣§§§§§♣
##### #.#♣§§§§♣♣ .#
#.#♣♣§wF♣ ##
#...♣♣w♣♣ ##...R@#
#######


You could see an eleionoma, a tyrant leech, a goliath frog and a swamp worm.

Vanquished Creatures
  Jorgrun (D:15)
  Kirke (D:15)
  Gastronok (D:10)
  Donald (Orc:2)
  A fire giant (D:15)
  An orc warlord (D:12)
  A red draconian (Volcano)
  An ettin (D:15)
  3 vault guards (D:13)
  3 hydras
  3 catoblepae
  3 ogre magi
  4 centaur warriors
  5 boulder beetles
  5 death yaks (Lair:5)
  18 two-headed ogres
  A deep troll shaman (Lair:5)
  A tengu warrior (D:14)
  Urug (Orc:1)
  Nergalle (D:12)
  5 deep trolls
  A bog body (Swamp:1)
  3 lindwurms
  2 necromancers (D:15)
  2 deep elf pyromancers
  An orc knight (Orc:1)
  5 cyclopes
  3 orc sorcerers
  11 ugly things
  31 elephants
  2 manticores
  5 black mambas
  Maurice (D:9)
  A gargoyle (D:10)
  12 cane toads
  A rime drake (shapeshifter) (D:15)
  2 kobold demonologists
  12 komodo dragons
  4 rime drakes
  An efreet (D:13)
  13 trolls
  A meliai (Lair:2)
  A tyrant leech (Lair:2)
  A polar bear (Lair:5)
  6 blink frogs
  A shadow (D:10)
  2 wraiths
  A slime creature (shapeshifter) (D:14)
  5 wyverns
  A vampire (D:13)
  9 humans (D:13)
  3 hogs (D:15)
  37 yaks
  3 basilisks
  A warg (Orc:1)
  A swamp worm (Lair:2)
  A steam dragon (D:10)
  2 acid dragons
  8 water moccasins
  20 orc warriors
  3 black bears
  An ice beast (D:8)
  22 ogres
  21 wolves
  4 centaurs
  A lemure (D:5)
  A phantom (D:4)
  3 kobold brigands
  9 bullfrogs
  4 necrophages
  9 scorpions
  5 wights
  4 killer bees
  A howler monkey (D:8)
  4 electric eels
  4 hounds
  10 jellies
  14 orc priests
  5 iguanas
  20 orc wizards
  9 adders
  12 gnolls
  A shadow imp (D:6)
  2 white imps
  A worm (D:2)
  A dart slug (D:5)
  77 orcs
  4 ball pythons
  13 bats
  20 endoplasms
  2 giant cockroaches
  6 goblins
  4 hobgoblins
  5 quokkas
  2 frilled lizards (D:2)
  19 kobolds
  6 rats
607 creatures vanquished.

Vanquished Creatures (others)
  A troll (Orc:2)
  2 humans (D:15)
  An orc warrior (Orc:2)
  A quokka (D:11)
  A bush (Lair:3)
  22 fungi
  42 plants
70 creatures vanquished.

Grand Total: 677 creatures vanquished

Notes
Turn   | Place    | Note
-------+----------+-------------------------------------------
     0 | D:1      | Zenkrye the Human Cinder Acolyte began the quest for the
                  | Orb.
     0 | D:1      | Reached XP level 1. HP: 18/18 MP: 2/2
    78 | D:1      | Got the Folio of the Metallic Familiar
   114 | D:1      | Reached XP level 2. HP: 22/24 MP: 3/3
   184 | D:1      | Learned a level 2 spell: Scorch
   667 | D:2      | Reached XP level 3. HP: 29/29 MP: 4/4
  1021 | D:2      | Reached XP level 4. HP: 28/35 MP: 5/5
  1547 | D:3      | Found Siocy's Antique Armour Emporium.
  1927 | D:2      | Reached XP level 5. HP: 25/41 MP: 6/6
  2340 | D:3      | Found Xekhlishrelil's Weapon Boutique.
  3026 | D:4      | Reached XP level 6. HP: 47/47 MP: 7/7
  3180 | D:4      | Reached skill level 5 in Polearms
  3180 | D:4      | Reached skill level 5 in Fire Magic
  3525 | D:4      | Reached XP level 7. HP: 49/52 MP: 8/8
  3997 | D:5      | Entered Level 5 of the Dungeon
  4542 | D:5      | Reached XP level 8. HP: 54/58 MP: 7/9
  5078 | D:5      | Found a staircase to the Ecumenical Temple.
  5309 | D:5      | Found Paacugo's Specific Store.
  5311 | D:5      | Found Ducob's General Store.
  5884 | D:6      | Reached skill level 10 in Polearms
  5978 | D:6      | Reached XP level 9. HP: 63/63 MP: 10/10
  6199 | D:6      | Noticed Pikel
  6475 | D:6      | Reached skill level 1 in Armour
  6475 | D:6      | Reached skill level 1 in Dodging
  8984 | D:8      | Reached XP level 10. HP: 73/73 MP: 11/11
  9453 | D:7      | Reached skill level 5 in Fighting
  9578 | D:8      | Upgraded the game from 0.30-a0-777-ga9a30cbeda to
                  | 0.30-a0-778-g2ef04afb54
  9751 | D:9      | Noticed a two-headed ogre
  9861 | D:9      | Noticed a two-headed ogre
 10038 | D:9      | Killed a two-headed ogre
 10039 | D:9      | Reached skill level 1 in Evocations
 10759 | D:9      | Reached XP level 11. HP: 63/81 MP: 12/12
 10838 | D:9      | Noticed Maurice
 10845 | D:9      | Killed Maurice
 10846 | D:9      | Reached skill level 5 in Armour
 10846 | D:9      | Reached skill level 5 in Dodging
 11064 | D:10     | Entered Level 10 of the Dungeon
 11327 | D:10     | Noticed pokeman's ghost (journeyman DEHW)
 11336 | D:10     | Found a runed translucent gate.
 11336 | D:10     | Found a runed translucent gate.
 11340 | D:10     | Found a runed translucent gate.
 11379 | D:10     | Identified the +5 long sword of Iseup {freeze, rPois Dex+4}
 11845 | D:10     | Found a shimmering blue altar of Sif Muna.
 11848 | D:10     | Found a sparkling altar of Nemelex Xobeh.
 11850 | D:10     | Noticed Gastronok
 11874 | D:10     | Killed Gastronok
 11875 | D:10     | Found a broken altar of Ashenzari.
 11913 | D:10     | Found an ancient bone altar of Kikubaaqudgha.
 11913 | D:10     | Found a white marble altar of Elyvilon.
 11913 | D:10     | Found a glowing silver altar of Zin.
 11913 | D:10     | Found a hazy altar of Hepliaklqana.
 11917 | D:10     | Found an opulent altar of Gozag.
 11919 | D:10     | Found an iron altar of Okawaru.
 12095 | D:11     | Found Begeow's Jewellery Emporium.
 12111 | D:11     | Found Piluofi's Assorted Antiques.
 12126 | D:11     | Found Bairol's Weapon Shop.
 12149 | D:11     | Noticed a cyclops
 12157 | D:11     | Killed a cyclops
 12274 | D:11     | Noticed a boulder beetle
 12274 | D:11     | Noticed a boulder beetle
 12339 | D:11     | Found a white marble altar of Elyvilon.
 12501 | D:11     | Noticed a cyclops
 12513 | D:11     | Killed a cyclops
 12514 | D:11     | Found a staircase to the Lair.
 12735 | Lair:1   | Entered Level 1 of the Lair of Beasts
 12787 | Lair:1   | Reached skill level 5 in Evocations
 12789 | Lair:1   | Reached XP level 12. HP: 88/91 MP: 13/13
 14302 | D:11     | Bought a +3 vampiric demon trident for 620 gold pieces
 14406 | Lair:2   | Found a hole to the Spider Nest.
 14890 | Lair:2   | Reached XP level 13. HP: 101/101 MP: 14/14
 15202 | Lair:2   | Found a staircase to the Swamp.
 15799 | Lair:3   | Reached skill level 10 in Fighting
 16587 | Lair:4   | Got Sif Muna's Discursus on the Brumal Welkin
 16732 | Lair:4   | Noticed a seven-headed hydra
 16746 | Lair:4   | Killed a seven-headed hydra
 16829 | Lair:4   | Found a staircase to the Slime Pits.
 17467 | Lair:5   | Entered Level 5 of the Lair of Beasts
 17613 | Lair:5   | Reached XP level 14. HP: 111/111 MP: 15/15
 17730 | Lair:5   | Reached skill level 1 in Shields
 17902 | Lair:5   | Reached skill level 10 in Dodging
 17906 | Lair:5   | Reached skill level 10 in Armour
 18374 | Lair:5   | Identified the +4 dagger of the Big Bang {vamp, rElec rF-
                  | rC+ Dex+4}
 18822 | Lair:5   | Reached skill level 5 in Shields
 19622 | D:12     | Found a glowing silver altar of Zin.
 19767 | D:12     | Noticed Nergalle
 19792 | D:12     | Killed Nergalle
 19878 | D:12     | Reached XP level 15. HP: 120/122 MP: 16/16
 20075 | D:12     | Found a staircase to the Orcish Mines.
 20386 | Orc:1    | Entered Level 1 of the Orcish Mines
 20506 | Orc:1    | Found a runed translucent gate.
 20506 | Orc:1    | Found a runed translucent gate.
 20507 | Orc:1    | Found a runed translucent gate.
 20710 | Orc:1    | Noticed Tausiryd's ghost (journeyman DsMo)
 20725 | Orc:2    | Entered Level 2 of the Orcish Mines
 20725 | Orc:2    | Identified the +4 kite shield of Zin, Muttering {Fly Regen+
                  | Dex-2}
 20725 | Orc:2    | Noticed Donald
 20740 | Orc:2    | Killed Donald
 20834 | Orc:2    | Paralysed by something for 5 turns
 20859 | Orc:2    | Noticed an orc warlord
 20864 | Orc:2    | Noticed Urug
 20909 | D:12     | Killed an orc warlord
 20978 | Orc:1    | Killed Urug
 21143 | Orc:2    | Found Zaedgh's Antique Weapon Emporium.
 21154 | Orc:2    | Found Cusenloagg's Antique Weapon Shoppe.
 21155 | Orc:2    | Found Vedemaw's General Store.
 21165 | Orc:2    | Found Duvoimaj's Distillery.
 21206 | Orc:2    | Found an iron altar of Okawaru.
 21358 | Orc:2    | Found a staircase to the Elven Halls.
 21432 | Orc:2    | Found a dark tunnel.
 21437 | Volcano  | Entered a volcano
 21537 | Volcano  | Reached skill level 10 in Shields
 22231 | D:11     | Bought the ring "Ziwuud" {rElec rPois MP+9 Str-2 Slay+3}
                  | for 858 gold pieces
 22675 | D:13     | Reached XP level 16. HP: 133/133 MP: 17/17
 22895 | D:13     | Found a gate to the Vaults.
 23510 | D:14     | Identified the +0 dagger of Dawn {flame, rPois Str+3 Int-5
                  | Dex+3}
 23794 | D:15     | Entered Level 15 of the Dungeon
 23956 | D:15     | Noticed Jorgrun
 23980 | D:15     | Killed Jorgrun
 24024 | D:15     | Noticed Kirke
 24053 | D:15     | Killed Kirke
 24221 | D:15     | Noticed a fire giant
 24233 | D:15     | Killed a fire giant
 24529 | D:15     | Found a staircase to the Depths.
 24803 | Swamp:1  | Entered Level 1 of the Swamp
 24870 | Lair:2   | HP: 1/134 [acid (6)]
 24871 | Lair:2   | Splashed by a goliath frog's acid

Illustrated notes

Levels and vault maps discovered:
D:1:      roderic_octagonal_star, layout_basic, serial_bayou_lagoon_a,
          minmay_3d_cube
D:2:      layout_basic
D:3:      layout_basic, serial_shops, nicolae_shop_bloodbath_and_beyond, shop
D:4:      layout_loops_corners
D:5:      layout_rooms, minmay_temple_entry_mist, serial_co_window_serial,
          co_window_corner_a, co_window_corner_a, co_window_paths_a,
          co_window_paths_a, co_window_paths_a, co_window_corner_a,
          co_window_paths_a, co_window_cross_1, co_window_paths_b,
          co_window_unsneaky_path_d, co_window_broadway_b, co_window_cross_3,
          co_window_paths_c, co_window_2corner, co_window_2corner,
          co_window_cross_3, glass_columns_b, glass_columns_b, glass_columns_c,
          glass_columns_c, nicolae_specific_store
D:6:      layout_loops_ring, hangedman_decor_growths, uniq_pikel
D:7:      layout_cave_pods
D:8:      layout_loops_corners, chequers_serial_rivers_micro_e, st_stairs_2
D:9:      layout_stronghold, uniq_maurice
D:10:     layout_cross, minitemple, serial_bayou, serial_bayou_shore_b,
          serial_bayou_pond_a, serial_bayou_pond_c, serial_bayou_crossing,
          gammafunk_ghost_split, uniq_gastronok
D:11:     layout_roguey, lair_entry_dummy, serial_shops, shop, shop_fountains,
          nicolae_diamond_shop, elyvilon_altar_4
D:12:     layout_roguey, orc_0_dummy, zin_treasury, uniq_nergalle
D:13:     layout_roguey, ximxim_vaults_locker_room
D:14:     layout_basic, serial_park_tiny_pond, serial_corexii_hall,
          corexii_hall_statues_i, chequers_hall_statues_corner_a
D:15:     hangedman_depths_entry_civil_slaughter, layout_loops_ring,
          minmay_misc_feat_five, uniq_kirke, uniq_jorgrun
Lair:1:   layout_chaotic_city, beast_lair_carwin_8, grunt_megastairs_3,
          serial_bayou_shore_b
Lair:2:   nzn_winding_woodlands_three_and_one
          [nzn_winding_woodlands_5x15_default,
          nzn_winding_woodlands_5x15_jagged, nzn_winding_woodlands_5x15_cabin,
          nzn_winding_woodlands_center_lodge], layout_loops_ring,
          minmay_swamp_entry_worms, hellmonk_spider_entry_not_the_bees,
          roderic_batcave
Lair:3:   lemuel_slime, layout_gridlike, lemuel_fruit_fields,
          serial_bayou_shore_b
Lair:4:   layout_cave_pods, nicolae_slime_entry_field_trip,
          nicolae_quartered_pool_little, grunt_megastairs_4
Lair:5:   grunt_lair_end_beastmaster, layout_layer_cave
Swamp:1:  layout_falls_marsh, evilmike_swamp_ruin_house_3, swamp_pool1
Orc:1:    layout_caves, gammafunk_ghost_necromancy
Orc:2:    st_orc_open, layout_caves, enter_volcano_1, okawaru_metal_pillars_1_2,
          uniq_donald, uniq_urug

Skill      XL: |  1  2  3  4  5  6  7  8  9 10 11 12 13 14 15 16 |
---------------+-------------------------------------------------+-----
Polearms       | 4 6 8 10 11 12 13 14 | 14.0
Fire Magic     | 4 5 |  5.0
Armour         | 3 4 5 7 9 10 | 10.0
Dodging        | 3 4 5 7 9 10 | 10.0
Fighting       | 4 5 7 9 10 12 14 | 14.8
Evocations     | 2 5 6 8 |  8.0
Shields        | 6 10 12 | 12.9
Spellcasting   | |  1.0

Action                     |  1- 3 |  4- 6 |  7- 9 | 10-12 | 13-15 | 16-18 || total
---------------------------+-------+-------+-------+-------+-------+-------++-------
  Melee: Spear             |    78 |   191 |   179 |       |       |       ||   448
         Punch             |       |     3 |     2 |    12 |     9 |       ||    26
         Trident           |       |       |    46 |   549 |       |       ||   595
         Demon trident     |       |       |       |    80 |  1407 |   401 ||  1888
   Fire: Sling             |       |     7 |       |       |       |       ||     7
  Throw: Dart              |     6 |    43 |    56 |    61 |    49 |     7 ||   222
         Boomerang         |       |       |    10 |     3 |       |       ||    13
   Cast: Scorch            |     3 |    37 |   130 |    37 |     4 |       ||   211
  Evoke: Wand              |       |       |     5 |    17 |    10 |       ||    32
         Condenser vane    |       |       |       |     1 |     3 |       ||     4
         Tin of tremorston |       |       |       |       |     2 |       ||     2
    Use: Scroll            |     4 |     5 |     8 |     9 |     7 |     2 ||    35
         Potion            |       |       |     1 |     3 |     6 |     2 ||    12
   Stab: Distracted        |       |       |       |     1 |       |       ||     1
         Petrified         |       |       |       |       |     6 |     5 ||    11
         Petrifying        |       |       |       |       |     1 |       ||     1
         Confused          |       |       |       |       |     5 |       ||     5
         Invisible         |       |       |       |       |     1 |       ||     1
 Armour: Robe              |     5 |       |       |       |       |       ||     5
         Leather armour    |     2 |       |       |       |       |       ||     2
         Scale mail        |     6 |    71 |    87 |   127 |       |       ||   291
         Chain mail        |       |       |       |    17 |   534 |    74 ||   625
  Dodge: Dodged            |    34 |    59 |   105 |   215 |   421 |    51 ||   885
  Block: Buckler           |       |       |       |       |    99 |       ||    99
         Kite shield       |       |       |       |       |   186 |   150 ||   336

Table legend: (Time is in decaauts)
 A = Elapsed time spent in this place.
 B = Non-inter-level travel time spent in this place.
 C = Inter-level travel time spent in this place.
 D = Time resting spent in this place.
 E = Time spent auto-exploring this place.
 F = Levels seen in this place.
 G = Mean time per level.
                   A        B        C        D        E       F      G
               +--------+--------+--------+--------+--------+-----+--------+
         Total |  24024 |  22077 |   1947 |   1404 |  15095 |  24 | 1001.0 |
       Dungeon |  16630 |  15278 |   1352 |    872 |  10657 |  15 | 1108.7 |
          Lair |   5805 |   5282 |    523 |    484 |   3476 |   5 | 1161.0 |
         Swamp |     46 |     46 |      0 |      0 |     17 |   1 |   46.0 |
  Orcish Mines |   1301 |   1230 |     71 |     34 |    821 |   2 |  650.5 |
       Volcano |    241 |    241 |      0 |     14 |    124 |   1 |  241.0 |
               +--------+--------+--------+--------+--------+-----+--------+

Top non-repeatable levels by time:
     D:4: 1643 daAuts
     D:5: 1585 daAuts
     D:8: 1412 daAuts
  Lair:5: 1364 daAuts
     D:7: 1362 daAuts
  Lair:2: 1349 daAuts
     D:9: 1265 daAuts
  Lair:1: 1265 daAuts
     D:6: 1258 daAuts
    D:11: 1210 daAuts
    D:12: 1078 daAuts
     D:2: 1040 daAuts
    D:10: 933 daAuts
  Lair:3: 919 daAuts
     D:3: 907 daAuts
